[Event "Cairns Cup 2024"]
[Site "Saint Louis"]
[Date "2024.06.14"]
[Round "2.1"]
[White "Tan, Zhongyi"]
[Black "Krush, Irina"]
[Result "1/2-1/2"]
[ECO "B43"]
[WhiteElo "2540"]
[BlackElo "2415"]
[Annotator "TA"]
[PlyCount "90"]
[EventDate "2024.06.13"]
[EventType "tourn"]
[EventCountry "USA"]
[SourceTitle "playchess.com"]
[Source "ChessBase"]
[SourceQuality "1"]
[TimeControl "40/5400+30:1800+30"]

1. e4 c5 2. Nc3 e6 3. Nf3 a6 4. d4 cxd4 5. Nxd4 b5 6. Bd3 Bb7 7. O-O Nc6 8. Nxc6 Bxc6 9. Re1 Ne7 10. Qh5 Ng6 11. a4 bxa4 12. Nxa4 Bd6 13. Nc3 Be5 14. Ne2 O-O 15. f4 Qb6+ 16. Kh1 Qf2 $1 (16... Bxb2 $2 17. Rb1 $18) 17. Bd2 Bxb2 (17... Nxf4 $2 18. Nxf4 Bxf4 19. Re2 $18) 18. Rab1 {[%emt 0:00:05][%cal Oe1f1] [#] And now Rf1! would win.} Rab8 19. Rf1 $1 Qh4 20. Qc5 Qe7 21. Qf2 {[%emt 0:00:30] [#]} (21. Be3 $15) 21... f5 $1 $17 22. Ng3 Nh4 23. Rfe1 Qa3 (23... Be5 $17 24. Rxb8 (24. fxe5 $2 {is the wrong capture.} Rxb1 25. Bxa6 fxe4 $19) 24... Bxb8) 24. Nxf5 $15 exf5 25. Qxh4 fxe4 26. Bxe4 Bxe4 27. Rxe4 Qc5 {[%emt 0:08:55][%cal Od7d5] Against Qh5} 28. Qe1 {[%emt 0:20:45] Black must now prevent Bb4.} Qxc2 29. h3 h6 30. Rd1 d5 31. Re6 Rf6 ({Black should try} 31... Kh7 32. Rxa6 Rfe8) 32. Re7 Bd4 33. Rc1 Qd3 34. Bc3 Rc8 ({Reject} 34... Rxf4 35. Bxd4 Qxd4 36. Rcc7 $11) (34... Bxc3 $15 35. Rxc3 Qf5) 35. Bxd4 $11 {[%emt 0:06:16] The position is equal.} Rxc1 36. Re8+ Rf8 37. Rxf8+ Kxf8 38. Bxg7+ Kxg7 39. Qxc1 {[%emt 0:00:02][%mdl 4096] Endgame. KQ-KQ} d4 40. Qc7+ Kg8 41. Qd8+ Kg7 42. Qd7+ Kg8 43. Qd8+ Kg7 44. Qd7+ Kg8 45. Qd8+ Kg7 {[%emt 0:00:06] Weighted Error Value: White=0.12 (very precise) /Black=0.11 (very precise) .  Mistake:       	White=1     	Black=3      Inaccurate:     	White=6     	Black=3      OK:         	White=11    	Black=15     Best:        	White=1     	Black=2      Strong:       	White=1     	Black=2} 1/2-1/2

[Event "Cairns Cup 2024"]
[Site "Saint Louis"]
[Date "2024.06.14"]
[Round "2.2"]
[White "Muzychuk, Anna"]
[Black "Muzychuk, Mariya"]
[Result "1/2-1/2"]
[ECO "B12"]
[WhiteElo "2505"]
[BlackElo "2510"]
[Annotator "TA"]
[PlyCount "38"]
[EventDate "2024.06.13"]
[EventType "tourn"]
[EventCountry "USA"]
[SourceTitle "playchess.com"]
[Source "ChessBase"]
[SourceQuality "1"]
[TimeControl "40/5400+30:1800+30"]

1. e4 c6 2. d4 d5 3. e5 c5 4. dxc5 e6 5. a3 Bxc5 6. Qg4 Ne7 7. Nf3 {[%emt 0:00:00][%cal Ob2b4] [#] aiming for b4!} O-O ({Black should try} 7... Qb6 $11) 8. b4 {[%emt 0:00:00] White is slightly better.} Bb6 9. Bd3 {[%emt 0:00:00][%cal Od3h7] Threatens to win with Bxh7+!} Ng6 10. Bb2 f5 (10... Nd7 {simplifies} 11. Bxg6 fxg6 12. c4 Rf5) 11. exf6 e5 $1 12. Qh5 e4 13. Ng5 {[%emt 0:00:00][%csl Gg5][%cal Rh5h7] [#]} (13. fxg7 $2 Rf5 (13... exf3 $2 14. gxf8=Q+ Qxf8 15. Qxd5+ Qf7 16. Bc4 $18) 14. Qh6 exd3 $19 (14... exf3 $2 15. gxf3 Nc6 16. Rg1 $19)) 13... Bxf2+ 14. Kd1 {[%emt 0:00:00][%csl Gg5][%cal Rh5h7] Chess con chili.} Rxf6 15. Qxh7+ (15. Bxf6 Qxf6 16. Qxh7+ Kf8 $17) 15... Kf8 16. Qh5 (16. Bxf6 $2 Qxf6 17. Qh5 Ke7 $19 (17... Qxa1 $2 18. Qxg6 Ke7 19. Qf7+ Kd6 20. Qxf2 $18)) (16. Be2 $5) 16... Kg8 {[%emt 0:00:00] The position is equal.} 17. Qh7+ (17. Bxf6 Qxf6 18. Rf1 exd3 (18... Qxa1 19. Qh7+ Kf8 20. Rxf2+) 19. cxd3 Nf8 $17 (19... Qxa1 20. Qh7+ Kf8 21. Rxf2+)) 17... Kf8 18. Qh5 (18. Bxf6 $2 Qxf6 19. Qh5 Ke7 $19 (19... Qxa1 $2 20. Qxg6 Ke7 21. Qf7+ Kd6 22. Qxf2 $18)) ({Better is} 18. Be2 $11) 18... Kg8 $16 19. Qh7+ ({Of course not} 19. Bxf6 Qxf6 20. Rf1 exd3 (20... Qxa1 21. Qh7+ Kf8 22. Rxf2+) 21. cxd3 Nf8 $17 (21... Qxa1 22. Qh7+ Kf8 23. Rxf2+)) 19... Kf8 {[%emt 0:00:00] Weighted Error Value: White=0.06 (flawless) /Black=0.09 (flawless) .  Mistake:       	White=1     	Black=1      Inaccurate:     	---       	Black=3      OK:         	White=6     	Black=7      Best:        	White=4     	Black=1      Strong:       	---       	Black=1} 1/2-1/2

[Event "Cairns Cup 2024"]
[Site "Saint Louis"]
[Date "2024.06.14"]
[Round "2.3"]
[White "Dzagnidze, Nana"]
[Black "Zatonskih, Anna"]
[Result "1-0"]
[ECO "A13"]
[WhiteElo "2506"]
[BlackElo "2327"]
[Annotator "TA"]
[PlyCount "129"]
[EventDate "2024.06.13"]
[EventType "tourn"]
[EventCountry "USA"]
[SourceTitle "playchess.com"]
[Source "ChessBase"]
[SourceQuality "1"]
[TimeControl "40/5400+30:1800+30"]

1. c4 e6 2. Nf3 d5 3. e3 Nf6 4. b3 Be7 5. Bb2 O-O 6. d4 c5 {[%emt 0:11:59] A13: English Opening: 1...e6.} 7. Nbd2 {[%emt 0:00:00] 7.dxc5 is becoming the main line.} cxd4 8. Nxd4 Nc6 9. Nxc6 bxc6 10. Be2 Bd6 11. O-O e5 12. Qc2 $146 ({Predecessor:} 12. Rc1 Qe7 13. h3 Bf5 14. cxd5 cxd5 15. Bb5 Rfd8 16. Qe2 h6 17. Rfd1 Rac8 18. Bd3 {½-½ Pintonello,G (2016)-Kudryavtsev,Y (2002) LSS BI-2009-F-00010 2010}) 12... Qe7 13. Rfd1 a5 14. Nf1 a4 15. bxa4 Bd7 16. cxd5 cxd5 17. Bb5 Rfb8 18. Ng3 Bxb5 19. axb5 Rxb5 20. Nf5 Qc7 21. Rdc1 Qb8 22. Rab1 Bf8 $2 (22... Rxa2 $2 {is the wrong capture.} 23. Nxd6 Qxd6 24. Qc8+ Qf8 25. Ba3 (25. Bxe5 Rxb1 26. Qxf8+ Kxf8 $16) (25. Qxf8+ Kxf8 $16) 25... Rxa3 26. Rxb5 $18) (22... Rc5 $1 $11 {and Black stays safe.} 23. Bc3 Qf8) 23. Bxe5 $1 $18 Qb6 24. Rxb5 Qxb5 25. Nh6+ gxh6 26. Bxf6 Bg7 27. Bxg7 Kxg7 28. h3 d4 29. exd4 Qd5 30. Qc5 Qxa2 $2 (30... Ra5) 31. Qe5+ $18 Kg8 32. d5 Rd8 33. Rc3 Qxd5 34. Rg3+ Kf8 35. Qh8+ Ke7 36. Re3+ (36. Qxh7 Qd1+ 37. Kh2 Qd6 $14) 36... Kd7 37. Qxh7 Qd1+ 38. Kh2 Qd6+ 39. g3 Qg6 40. Qxg6 fxg6 41. Rd3+ Ke7 42. Rxd8 Kxd8 43. Kg2 Ke7 44. Kf3 Kf6 45. Kf4 Ke6 46. Ke4 Kd6 47. h4 Ke6 48. g4 Kd6 49. f4 Ke6 50. Kd4 Kf6 51. Kd5 Kf7 52. Ke5 Ke7 53. g5 h5 54. f5 Kf7 55. fxg6+ Kg7 56. Kd6 Kf8 57. g7+ Kf7 58. Kd7 Kg8 59. Kd8 Kf7 60. g8=Q+ Kxg8 61. Ke8 Kg7 62. Ke7 Kg6 63. Kf8 Kh7 64. Kf7 Kh8 65. Kg6 1-0

[Event "Cairns Cup 2024"]
[Site "Saint Louis"]
[Date "2024.06.14"]
[Round "2.4"]
[White "Paehtz, Elisabeth"]
[Black "Lee, Alice"]
[Result "1/2-1/2"]
[ECO "A09"]
[WhiteElo "2457"]
[BlackElo "2368"]
[Annotator "RC"]
[PlyCount "102"]
[EventDate "2024.06.13"]
[EventType "tourn"]
[EventCountry "USA"]
[SourceTitle "playchess.com"]
[Source "ChessBase"]
[SourceQuality "1"]
[TimeControl "40/5400+30:1800+30"]

1. Nf3 d5 2. g3 g6 3. c4 dxc4 4. Qa4+ Nd7 5. Qxc4 Bg7 6. Bg2 Ngf6 7. O-O O-O 8. d3 e5 9. Nc3 Nb6 10. Qc5 Re8 11. Nxe5 Bf8 12. Qa5 c6 13. Nf3 Bf5 14. e4 Bg4 15. Rd1 Nfd7 16. d4 c5 17. dxc5 Bxc5 18. Bg5 f6 19. Bf4 Qe7 20. Nd5 Nxd5 21. Rxd5 Rac8 22. h3 Be6 23. Rdd1 Nb6 24. Qe1 Bf7 25. e5 Nc4 26. b3 Nxe5 27. Nxe5 fxe5 28. Be3 b6 29. Qe2 Qf6 30. Be4 Bd4 31. Rac1 Be6 32. h4 Bf7 33. Qd3 Rcd8 34. Qe2 Bxe3 35. Qxe3 Rd4 36. Re1 Qd6 37. h5 Qf6 38. Rc6 Rd6 39. Rec1 Red8 40. h6 Kf8 41. Rc7 g5 42. Rxa7 Qxh6 43. Bf3 Qf6 44. Re1 Rd3 45. Rxf7+ Qxf7 46. Qxg5 Qxf3 47. Qxe5 Qf7 48. Qh8+ Qg8 49. Qf6+ Qf7 50. Qh8+ Qg8 51. Qf6+ Qf7 1/2-1/2

[Event "Cairns Cup 2024"]
[Site "Saint Louis"]
[Date "2024.06.14"]
[Round "2.5"]
[White "Dronavalli, Harika"]
[Black "Kosteniuk, Alexandra"]
[Result "1-0"]
[ECO "A34"]
[WhiteElo "2489"]
[BlackElo "2501"]
[Annotator "TA"]
[PlyCount "115"]
[EventDate "2024.06.13"]
[EventType "tourn"]
[EventCountry "USA"]
[SourceTitle "playchess.com"]
[Source "ChessBase"]
[SourceQuality "1"]
[TimeControl "40/5400+30:1800+30"]

1. Nf3 d5 2. e3 Nf6 3. c4 c5 4. cxd5 Nxd5 5. Nc3 Nc6 6. Bb5 Ndb4 {[%emt 0:00:00] A34: Symmetrical English: 2 Nc3, lines with ...d5.} 7. a3 Nd3+ 8. Ke2 Nxc1+ 9. Rxc1 Bd7 10. d4 cxd4 11. Bxc6 $146 ({Predecessor:} 11. Nxd4 Rc8 12. Nxc6 Bxc6 13. Qxd8+ Kxd8 14. Rhd1+ Ke8 15. Bxc6+ Rxc6 16. Nb5 Rxc1 17. Rxc1 {0-1 Zimina,O (2415)-Colls Gelaberto,E (2093) EU-ch rapid Katowice 2017 (6)}) 11... Bxc6 12. Nxd4 Qb6 13. Nxc6 bxc6 14. Qa4 Rd8 15. b4 e6 16. Ne4 Rc8 17. Nd2 a6 18. Nc4 Qb5 19. Qxb5 axb5 20. Ne5 Bd6 21. Nxc6 Kd7 22. Nd4 Rxc1 23. Rxc1 Rb8 24. f4 g6 25. Kd3 Rb6 26. Nf3 f6 27. g4 Ra6 28. Rc3 h6 29. h4 h5 30. g5 fxg5 (30... Ke7 $142 31. Kd4 Kf7 32. gxf6 Kxf6) 31. fxg5 (31. Nxg5 e5 $16) 31... Bg3 32. Ke4 Kd6 33. Rd3+ Ke7 34. Ne5 Bxe5 $2 (34... Kf8 35. Nxg6+ Kg7) 35. Kxe5 $18 Rc6 36. e4 Ra6 37. Rf3 Ra8 38. Rc3 Ra7 39. Rc5 Rxa3 40. Rxb5 Rh3 41. Rb7+ Kd8 42. Kxe6 Rxh4 43. e5 Kc8 44. Rh7 Rxb4 45. Kf6 Rf4+ 46. Kxg6 h4 47. e6 Kd8 48. Rf7 Re4 49. Kf5 Re1 50. g6 Rf1+ 51. Kg5 Rg1+ 52. Kf6 (52. Kxh4 Rxg6 53. Rh7 Rxe6 $11) 52... h3 53. Rf8+ Kc7 54. e7 h2 55. Rh8 (55. e8=B h1=Q (55... h1=R 56. Bf7 $14) 56. Kg7 Qe4 57. Rf7+ Kd8 (57... Kb8 58. Rf8 Kc7 59. Rf7+ Kd8 60. Rf8 Qd4+ 61. Kg8 Ke7 62. Bf7 Rh1 63. g7 Rg1 64. Bg6 Rxg6 65. Rf7+ Ke6 66. Rc7 Rg5 67. Rf7 Rg1 68. Kh7 Kxf7 69. g8=B+ Rxg8 70. Kh6 Qh8#) 58. Rf8 Qd4+ 59. Kg8 Ke7 (59... Qa1 60. Bc6+ Ke7 61. Be4 Qa2+ 62. Kg7 Qb2+ 63. Kg8 Qb3+ 64. Kg7 Qc3+ 65. Kg8 Qc4+ 66. Kg7 Qd4+ 67. Kg8 Qxe4 68. Rf7+ Ke6 69. Kf8 Qh4 70. Kg8 Rxg6+ 71. Rg7 Kf6 72. Rxg6+ Kxg6 73. Kf8 Qd8#) 60. Bf7 Rh1 (60... Kf6 61. Be8+ Kg5 62. Rf7 Qe5 63. Rf3 Qd5+ 64. Rf7 Kxg6 65. Kf8 Qc5+ 66. Kg8 Kh6+ 67. Rg7 Rxg7+ 68. Kh8 Qf8#) 61. g7 Rg1) 55... Rf1+ 56. Kg7 Re1 57. Rxh2 ({Not} 57. e8=B h1=Q 58. Rxh1 Rxh1 $11) 57... Rxe7+ 58. Kf6 1-0